Map: 2000 Atmospheres LE

Players

TeebuL

  • Race: Protoss Protoss

Demi - Winner!

  • Race: Zerg Zerg

Event: DreamHack SC2 Masters 2021 Winter

VOD

Have the link to the VOD?

Description

Time

  • Played on: Oct. 1, 2021, 4:16 a.m.
  • Length: 12:11

All games in this series

Show
View Real Time Build Order
Export as new Build Order

TeebuL Protoss 

Build Orders:  

Get SALT Encoding   

  12  0:00  Probe  
  13  0:12  Probe  
  14  0:19  Pylon  
  14  0:24  Probe  
  15  0:37  Probe (Chrono Boost)  
  15  0:39  Gateway  
  16  0:47  Probe (Chrono Boost)  
  16  0:49  Assimilator  
  17  0:52  Probe (Chrono Boost)  
  18  1:03  Probe  
  19  1:15  Probe  
  20  1:24  Gateway  
  20  1:26  Pylon  
  20  1:30  Zealot (Chrono Boost)  
  20  1:31  Cybernetics Core  
  22  1:34  Pylon  
  22  1:35  Probe  
  23  1:51  Zealot (Chrono Boost)  
  25  1:54  Probe  
  26  2:09  Probe  
  29  2:16  Adept (Chrono Boost)  
  29  2:23  Nexus  
  29  2:26  Probe  
  29  2:31  Assimilator  
  29  2:35  Pylon  
  29  2:40  Probe  
  30  2:52  Probe  
  30  2:53  Stargate  
  30  2:56  Warp Gate  
  31  2:59  Adept  
  31  3:04  Probe (Chrono Boost)  
  34  3:16  Probe (Chrono Boost)  
  35  3:24  Probe (Chrono Boost)  
  36  3:28  Void Ray (Chrono Boost)  
  36  3:31  Probe  
  37  3:36  Probe  
  42  3:43  Probe  
  42  3:44  Adept  
  42  3:48  Probe  
  46  3:55  Probe  
  47  4:00  Probe  
  48  4:07  Probe  
  47  4:12  Probe  
  46  4:19  Probe  
  46  4:21  Twilight Council  
  46  4:22  Gateway  
  46  4:23  Gateway  
  47  4:24  Probe  
  47  4:30  Nexus  
  46  4:31  Probe  
  46  4:33  Pylon  
  46  4:36  Probe  
  46  4:37  Oracle (Chrono Boost)  
  51  4:47  Probe  
  51  4:49  Probe  
  51  4:52  Adept x2  
  57  4:57  Pylon  
  57  4:58  Resonating Glaives (Chrono Boost), Assimilator  
  57  5:00  Probe  
  57  5:01  Assimilator  
  58  5:08  Probe  
  58  5:13  Probe  
  60  5:15  Pylon  
  60  5:18  Adept x2  
  60  5:20  Probe  
  65  5:25  Probe  
  65  5:27  Adept  
  68  5:30  Adept  
  68  5:33  Probe  
  71  5:38  Probe  
  71  5:42  Probe  
  71  5:45  Probe  
  71  5:46  Adept x2  
  71  5:49  Pylon  
  76  5:51  Probe  
  76  5:53  Pylon  
  76  5:55  Probe  
  78  6:00  Probe  
  78  6:01  Adept x2  
  83  6:04  Probe  
  83  6:06  Robotics Facility  
  83  6:07  Probe  
  85  6:11  Blink (Chrono Boost)  
  85  6:12  Probe  
  85  6:16  Probe  
  87  6:18  Adept x2  
  87  6:19  Probe  
  87  6:24  Probe, Pylon  
  93  6:29  Probe  
  93  6:31  Probe  
  93  6:36  Probe  
  94  6:41  Probe  
  95  6:47  Gateway  
  95  6:49  Gateway, Probe  
  95  6:51  Gateway  
  95  6:53  Sentry x4  
  104  6:54  Warp Prism (Chrono Boost)  
  104  6:57  Shield Battery  
  104  7:00  Assimilator  
  106  7:04  Assimilator  
  106  7:15  Gateway  
  106  7:16  Gateway x2  
  106  7:17  Pylon  
  106  7:22  Pylon  
  106  7:27  Sentry  
  108  7:30  Pylon  
  108  7:31  Pylon  
  108  7:35  Stalker x3  
  114  7:53  Stalker x4  
  122  8:02  Stalker x3  
  128  8:10  Stalker  
  128  8:12  Pylon  
  130  8:13  Pylon  
  130  8:15  Pylon  
  130  8:16  Pylon  
  130  8:19  Stalker x6  
  138  8:20  Stalker  
  138  8:22  Observer  
  138  8:27  Pylon x2  
  141  8:34  Stalker x3  
  147  8:49  Stalker x6  
  147  8:50  Stalker  
  161  9:01  Sentry x3  
  165  9:19  Stalker x7  
  173  9:26  Stalker x3  
  159  9:44  Stalker x6  
  159  9:45  Zealot  
  171  9:50  Zealot x3  
  145  10:06  Stalker  
  123  10:07  Stalker x6  
  111  10:15  Stalker  
  111  10:18  Stalker x2  
  75  10:38  Stalker x6  
  87  10:45  Shield Battery  
  87  10:46  Shield Battery  
  87  10:48  Stalker x3  
  93  10:53  Shield Battery  
  93  10:57  Sentry  
  83  11:04  Stalker x4  
  79  11:11  Stalker x2  
  79  11:18  Stalker x2  
  72  11:26  Stalker x2  
  72  11:40  Stalker x3  
  76  11:50  Stalker x2  
Show
View Real Time Build Order
Export as new Build Order

Demi Zerg - Winner!

Build Orders: Pool First 

Get SALT Encoding   

  12  0:17  Spawning Pool  
  11  0:21  Drone  
  11  0:26  Drone  
  13  0:31  Drone  
  14  0:40  Overlord  
  14  1:03  Zergling x2  
  14  1:04  Zergling x4  
  16  1:06  Queen  
  19  1:15  Zergling x2  
  20  1:32  Hatchery  
  19  1:36  Drone  
  20  1:41  Drone  
  21  1:47  Overlord  
  21  2:04  Drone  
  21  2:05  Queen  
  24  2:13  Drone x2  
  26  2:21  Drone x3  
  29  2:25  Extractor  
  28  2:33  Drone  
  29  2:45  Drone  
  29  2:46  Drone x2  
  29  2:47  Queen  
  34  3:03  Drone, Overlord  
  34  3:04  Drone  
  36  3:16  Overlord  
  36  3:19  Hatchery  
  35  3:22  Drone x3  
  38  3:32  Zergling x6  
  41  3:35  Metabolic Boost  
  41  3:39  Drone  
  42  3:44  Drone x3  
  45  3:53  Overlord x2  
  45  4:00  Queen  
  46  4:08  Drone x4  
  47  4:17  Zergling x4  
  47  4:19  Drone x3  
  52  4:27  Drone  
  52  4:28  Queen, Spore Crawler  
  54  4:33  Queen  
  54  4:36  Spore Crawler  
  55  4:41  Overlord  
  55  4:43  Drone  
  55  4:44  Drone x2  
  58  4:46  Drone  
  58  4:50  Drone x2  
  61  4:55  Overlord  
  61  4:59  Zergling x4  
  62  5:01  Drone x3  
  65  5:08  Roach Warren  
  65  5:10  Drone x2  
  65  5:11  Drone  
  65  5:13  Drone  
  68  5:18  Drone x4  
  68  5:19  Drone  
  73  5:23  Overlord  
  73  5:26  Drone x3  
  73  5:27  Extractor  
  74  5:28  Extractor  
  74  5:34  Lair  
  73  5:37  Drone x3  
  74  5:46  Drone x2  
  74  5:48  Drone, Overlord  
  74  5:49  Overlord x2  
  77  5:52  Roach  
  77  5:53  Roach x3  
  85  6:10  Roach x4  
  85  6:11  Roach  
  95  6:12  Evolution Chamber, Overlord x2  
  95  6:16  Zergling x2, Roach  
  97  6:20  Drone x3  
  97  6:21  Drone, Overlord  
  97  6:22  Zergling x4  
  102  6:29  Evolution Chamber  
  101  6:34  Zergling x2, Roach x2  
  101  6:37  Extractor  
  101  6:38  Glial Reconstitution, Extractor  
  105  6:41  Drone x4  
  105  6:42  Extractor  
  108  6:47  Zerg Missile Weapons Level 1  
  108  6:49  Evolution Chamber  
  108  6:53  Drone x8  
  115  7:10  Drone x3  
  115  7:12  Spire  
  115  7:14  Hatchery  
  116  7:22  Drone x3  
  119  7:27  Overlord x4  
  119  7:28  Overseer  
  119  7:35  Zergling x4, Roach x4  
  119  7:36  Zergling x2  
  129  7:41  Overseer  
  128  8:08  Overlord  
  128  8:09  Overlord x4  
  128  8:12  Extractor  
  127  8:18  Roach x10  
  144  8:22  Ravager x5  
  144  8:23  Ravager x2  
  144  8:26  Roach x7  
  165  8:34  Roach  
  165  8:35  Roach x2  
  171  8:45  Zergling x10, Roach x2  
  176  8:51  Overseer  
  175  8:59  Roach  
  175  9:00  Roach x8  
  188  9:05  Ravager x3  
  188  9:06  Ravager  
  178  9:31  Roach x11  
  195  9:41  Roach x4  
  191  9:59  Roach  
  176  10:00  Roach x10  
  176  10:05  Roach  
  176  10:06  Roach x3  
  160  10:10  Roach  
  143  10:16  Roach  
  143  10:17  Roach x2  
  137  10:22  Roach  
  137  10:26  Roach x5  
  137  10:28  Queen  
  138  10:38  Mutalisk x6  
  138  10:42  Drone x2  
  152  10:53  Mutalisk x2  
  156  11:03  Zergling x22  
  161  11:09  Drone  
  161  11:10  Drone x3  
  149  11:20  Roach x2  
  149  11:21  Zergling x2, Roach  
  152  11:28  Drone x3  
  152  11:29  Drone x2  
  155  11:36  Roach  
  155  11:37  Roach x2  
  157  11:40  Ravager x2  
  157  11:41  Ravager x3  
  157  11:42  Ravager x2  
  157  11:46  Roach x4  
  172  11:47  Zergling x2  
  172  11:53  Drone  
  172  11:54  Drone  

Tags
 
Add a new tag
Caveats
  • Supply blocks, unpowered buildings, or Contaminate may cause inaccurate times.
  • Supply counts are checked every 10 seconds.